 Dungeon Crawl Stone Soup version 0.30-a0-632-g346586fe48 (webtiles) character file.

Game seed: 13681143999466564650

5247 ragingrage the Ducker (level 10, -6/76 HPs)
             Began as a Gnoll Hexslinger on Jan 13, 2023.
             Was a Follower of Cheibriados.
             Mangled by an acid dragon (12 damage)
             ... on level 8 of the Dungeon.
             The game lasted 00:13:18 (10404 turns).

ragingrage the Ducker (Gnoll Hexslinger)           Turns: 10404, Time: 00:13:19

Health: -6/76      AC:  4    Str: 12    XL:     10   Next: 62%
Magic:  15/19      EV: 14    Int: 19    God:    Cheibriados [*.....]
Gold:   535        SH:  0    Dex: 14    Spells: 8/21 levels left

rFire   + . .      SeeInvis .    O - +0 sling (freeze)
rCold   + . .      Faith    .    (no shield)
rNeg    . . .      Spirit   .    M - +3 leather armour {rC+}
rPois   .          Reflect  .    (no helmet)
rElec   .          Harm     .    (no cloak)
rCorr   .          Rampage  .    (no gloves)
Will    .....                    y - +0 pair of boots
Stlth   +++                      (no amulet)
HPRegen 0.32/turn                f - ring of protection from fire
MPRegen 0.16/turn                c - ring of wizardry

@: ice-armoured, corroded, very slow
A: fangs 1, strong nose, distributed training
a: Renounce Religion, Bend Time


You were on level 8 of the Dungeon.
You worshipped Cheibriados.
Cheibriados was aware of your devotion.
You visited 2 branches of the dungeon, and saw 9 of its levels.

You collected 535 gold pieces.

Inventory:

Hand Weapons
 a - a +1 sling
 s - a +0 shortbow
 v - a +0 morningstar of holy wrath
 O - a +0 sling of freezing (weapon)
Missiles
 h - 13 poisoned darts
Armour
 y - a +0 pair of boots (worn)
 M - a +3 leather armour of cold resistance (worn)
Jewellery
 c - a ring of wizardry (right hand)
 f - a ring of protection from fire (left hand)
 l - a ring of fire
 Q - a ring of fire
Wands
 p - a wand of polymorph (9)
 F - a wand of mindburst (10)
 H - a wand of roots (5)
 J - a wand of charming (9)
 N - a wand of acid (3)
Scrolls
 b - 2 scrolls of poison
 d - 2 scrolls of immolation
 e - a scroll of torment {unknown}
 g - a scroll of fog
 i - 2 scrolls of silence {unknown}
 m - a scroll of butterflies {unknown}
 o - a scroll of amnesia {unknown}
 q - 4 scrolls of teleportation
 r - 3 scrolls of fear
 w - 3 scrolls of enchant armour
 x - a scroll of blinking {unknown}
 B - a scroll of identify
 D - a scroll of magic mapping {unknown}
 E - a scroll of vulnerability
 G - a scroll of enchant weapon {unknown}
 L - a scroll of noise {unknown}
Potions
 j - 5 potions of curing
 k - a potion of might {unknown}
 n - 2 potions of brilliance
 t - 4 potions of lignification
 u - 2 potions of mutation
 z - a potion of attraction {unknown}
 A - a potion of cancellation {unknown}
 C - a potion of heal wounds
 I - a potion of invisibility {unknown}
 K - 3 potions of flight
 P - a potion of degeneration {unknown}


   Skills:
 + Level 6.3 Fighting
 + Level 5.6 Short Blades
 + Level 5.6 Long Blades
 + Level 5.6 Axes
 + Level 5.6 Maces & Flails
 + Level 5.6 Polearms
 + Level 5.6 Staves
 + Level 7.3 Ranged Weapons
 + Level 5.6 Throwing
 + Level 5.6 Armour
 + Level 7.3 Dodging
 + Level 5.6 Stealth
 + Level 5.6 Shields
 + Level 5.6 Unarmed Combat
 + Level 6.4 Spellcasting
 + Level 4.6 Conjurations
 + Level 7.3 Hexes
 + Level 4.6 Summonings
 + Level 4.6 Necromancy
 + Level 4.6 Translocations
 + Level 4.6 Transmutations
 + Level 4.6 Fire Magic
 + Level 4.6 Ice Magic
 + Level 4.6 Air Magic
 + Level 4.6 Earth Magic
 + Level 4.6 Poison Magic
 + Level 6.2 Invocations
 + Level 5.6 Evocations


You had 8 spell levels left.
You knew the following spells:

 Your Spells              Type           Power      Damage    Failure   Level
a - Slow                  Hex            100%       N/A       1%          1
b - Inner Flame           Hex/Fire       28%        N/A       1%          3
c - Portal Projectile     Hex/Tloc       56%        N/A       1%          3
d - Ozocubu's Armour      Ice            23%        N/A       2%          3
e - Mephitic Cloud        Conj/Pois/Air  23%        N/A       2%          3

Your spell library contained the following spells:

 Spells                   Type           Power      Damage    Failure   Level
 Cigotuvi's Dreadful Rot  Necr/Pois/Air  46%        N/A       1%          2
 Poisonous Vapours        Pois/Air       46%        N/A       1%          2
 Confusing Touch          Hex            33%        N/A       1%          3
 Vampiric Draining        Necr           23%        2d7       2%          3
 Cause Fear               Hex            16%        N/A       2%          4
 Metabolic Englaciation   Hex/Ice        14%        N/A       13%         5
 Simulacrum               Ice/Necr       11%        N/A       73%         6


Dungeon Overview and Level Annotations

Branches:
Dungeon (8/15)             Temple (1/1) D:7
   Lair: D:8-11

Altars:
Ashenzari
Cheibriados
Dithmenos
Elyvilon
Fedhas
Gozag
Hepliaklqana
Kikubaaqudgha
Makhleb
Nemelex Xobeh
Okawaru
Qazlal
Ru
Sif Muna
Trog
Uskayaw
Vehumet
Wu Jian
Xom
Yredelemnul
Zin
The Shining One

Annotations:
D:6 exclusion: vampire
D:7 Joseph


Innate Abilities, Weirdness & Mutations

You have very sharp teeth.
Your uncanny sense of smell can sniff out nearby items.
Your experience applies equally to all skills.


Message History

Aim: an acid dragon (heavily wounded, inner flame, catching its breath, 63% to hit)
You shoot a sling bullet.
The sling bullet completely misses the acid dragon.
You hear the faint creaking of a portcullis very nearby.
The goblin throws a boomerang.
The boomerang hits you but does no damage.
The acid dragon bites you. The acid dragon misses you.
Fire: O) +0 sling (freeze)
Press: ? - help, Q - select action, (/) - cycle Shift-Dir - straight line, f/p - acid dragon
Aim: an acid dragon (heavily wounded, inner flame, catching its breath, 63% to hit)
You shoot a sling bullet.
The sling bullet barely misses the acid dragon.
A goblin comes into view.
The acid dragon bites you!
* * * LOW HITPOINT WARNING * * *
The acid dragon barely misses you.
Fire: O) +0 sling (freeze)
Press: ? - help, Q - select action, (/) - cycle Shift-Dir - straight line, f/p - acid dragon
Aim: an acid dragon (heavily wounded, inner flame, catching its breath, 63% to hit)
You shoot a sling bullet.
The sling bullet hits the acid dragon but does no damage.
The acid dragon is heavily wounded.
A goblin comes into view.
The acid dragon bites you.
* * * LOW HITPOINT WARNING * * *
The acid dragon misses you.
You feel much better.
The goblin throws a boomerang.
The boomerang hits you. The acid dragon spits acid at you.
The splash of acid hits you!!
* * * LOW HITPOINT WARNING * * *
Fire: O) +0 sling (freeze)
Press: ? - help, Q - select action, (/) - cycle Shift-Dir - straight line, f/p - acid dragon
Aim: an acid dragon (heavily wounded, inner flame, catching its breath, 63% to hit)
You shoot a sling bullet.
The sling bullet hits the acid dragon but does no damage.
The acid dragon is heavily wounded.
The goblin throws a boomerang.
The boomerang hits you.
* * * LOW HITPOINT WARNING * * *
The acid dragon bites you!
You die...

....#.#
#.###
#.#.#..
#.#
#.#.####
#.# #.#..
#.# #.####
#.# ...
#.# ## #.#
#.#.###>#
.....gD@#
.##..##..#
.... ##g.#
.## #g# !.
... ..#
..#


You could see an acid dragon (inner flame, catching breath) and 3 goblins.

Vanquished Creatures
  2 two-headed ogres (D:6)
  A cyclops (D:7)
  A kobold demonologist (D:6)
  A wraith (D:6)
  A steam dragon (D:4)
  3 water moccasins (D:6)
  3 sky beasts (D:6)
  4 ice beasts
  An orc warrior (D:5)
  3 black bears
  2 ogres (D:6)
  A centaur (D:6)
  A kobold brigand (D:6)
  5 bullfrogs
  4 scorpions
  3 gnoll sergeants
  A howler monkey (D:4)
  8 hounds
  2 iguanas
  3 orc wizards
  13 gnolls
  14 adders
  2 ufetubi
  2 worms (D:4)
  A dart slug (D:2)
  22 orcs
  3 endoplasms
  4 giant cockroaches
  9 goblins
  9 hobgoblins
  10 jackals
  5 kobolds
  5 ball pythons
  2 bats
  5 rats
156 creatures vanquished.

Vanquished Creatures (others)
  2 plants (D:5)
2 creatures vanquished.

Grand Total: 158 creatures vanquished

Notes
Turn   | Place    | Note
-------+----------+-------------------------------------------
     0 | D:1      | ragingrage the Gnoll Hexslinger began the quest for the
                  | Orb.
     0 | D:1      | Reached XP level 1. HP: 17/17 MP: 4/4
   103 | D:1      | Reached XP level 2. HP: 23/23 MP: 5/5
   289 | D:1      | Reached XP level 3. HP: 28/28 MP: 7/7
   531 | D:2      | Reached skill level 1 in Invocations
   850 | D:2      | You fall into a shaft and drop 2 floors!
   854 | D:4      | Noticed an ice beast
   873 | D:4      | Reached skill level 1 in Short Blades
   873 | D:4      | Reached skill level 1 in Long Blades
   873 | D:4      | Reached skill level 1 in Axes
   873 | D:4      | Reached skill level 1 in Maces & Flails
   873 | D:4      | Reached skill level 1 in Polearms
   873 | D:4      | Reached skill level 1 in Staves
   873 | D:4      | Reached skill level 1 in Throwing
   873 | D:4      | Reached skill level 1 in Armour
   873 | D:4      | Reached skill level 1 in Stealth
   873 | D:4      | Reached skill level 1 in Shields
   873 | D:4      | Reached skill level 1 in Unarmed Combat
   873 | D:4      | Reached skill level 1 in Evocations
   887 | D:4      | Learned a level 3 spell: Inner Flame
   894 | D:4      | Noticed a scorpion
   902 | D:4      | Killed a scorpion
   903 | D:4      | Reached skill level 1 in Conjurations
   903 | D:4      | Reached skill level 1 in Summonings
   903 | D:4      | Reached skill level 1 in Necromancy
   903 | D:4      | Reached skill level 1 in Translocations
   903 | D:4      | Reached skill level 1 in Transmutations
   903 | D:4      | Reached skill level 1 in Fire Magic
   903 | D:4      | Reached skill level 1 in Ice Magic
   903 | D:4      | Reached skill level 1 in Air Magic
   903 | D:4      | Reached skill level 1 in Earth Magic
   903 | D:4      | Reached skill level 1 in Poison Magic
   903 | D:4      | Reached XP level 4. HP: 29/34 MP: 6/8
   976 | D:3      | Reached XP level 5. HP: 38/40 MP: 9/9
  1461 | D:3      | Found a radiant altar of Vehumet.
  1713 | D:3      | Found a shadowy altar of Dithmenos.
  1931 | D:3      | Found a shimmering altar of Xom.
  1937 | D:3      | Found a broken altar of Ashenzari.
  1940 | D:3      | Found a hide-covered altar of Uskayaw.
  2199 | D:4      | Reached XP level 6. HP: 34/47 MP: 0/11
  2543 | D:4      | Reached skill level 5 in Ranged Weapons
  2543 | D:4      | Reached skill level 5 in Dodging
  2775 | D:4      | Found an opulent altar of Gozag.
  2952 | D:4      | Killed an ice beast
  3081 | D:4      | Noticed a steam dragon
  3102 | D:4      | Killed a steam dragon
  3103 | D:4      | Reached XP level 7. HP: 35/52 MP: 12/12
  3410 | D:5      | Entered Level 5 of the Dungeon
  3690 | D:4      | Learned a level 3 spell: Portal Projectile
  3820 | D:5      | Reached XP level 8. HP: 56/60 MP: 14/14
  4903 | D:6      | Noticed a two-headed ogre
  5172 | D:6      | Noticed a wraith
  5172 | D:6      | Noticed a kobold demonologist
  5359 | D:6      | Killed a two-headed ogre
  5360 | D:6      | Reached skill level 5 in Spellcasting
  5360 | D:6      | Reached XP level 9. HP: 53/67 MP: 11/16
  5515 | D:6      | Noticed a two-headed ogre
  5549 | D:6      | Killed a two-headed ogre
  5550 | D:6      | Reached skill level 5 in Fighting
  5550 | D:6      | Reached skill level 5 in Invocations
  8174 | D:7      | Reached skill level 5 in Short Blades
  8174 | D:7      | Reached skill level 5 in Long Blades
  8174 | D:7      | Reached skill level 5 in Axes
  8174 | D:7      | Reached skill level 5 in Maces & Flails
  8174 | D:7      | Reached skill level 5 in Polearms
  8174 | D:7      | Reached skill level 5 in Staves
  8174 | D:7      | Reached skill level 5 in Throwing
  8174 | D:7      | Reached skill level 5 in Armour
  8174 | D:7      | Reached skill level 5 in Stealth
  8174 | D:7      | Reached skill level 5 in Shields
  8174 | D:7      | Reached skill level 5 in Unarmed Combat
  8174 | D:7      | Reached skill level 5 in Evocations
  8174 | D:7      | Reached XP level 10. HP: 76/76 MP: 18/18
  8176 | D:7      | Noticed a cyclops
  8185 | D:7      | Killed a cyclops
  8285 | D:7      | Found a staircase to the Ecumenical Temple.
  8294 | Temple   | Entered the Ecumenical Temple
  8388 | Temple   | Became a worshipper of Cheibriados the Contemplative
  9275 | D:6      | Reached * piety under Cheibriados
  9290 | D:6      | Killed a kobold demonologist
  9927 | D:7      | Noticed Joseph
 10346 | D:8      | Learned a level 3 spell: Ozocubu's Armour
 10350 | D:8      | Learned a level 3 spell: Mephitic Cloud
 10404 | D:8      | Mangled by an acid dragon

Illustrated notes

Levels and vault maps discovered:
D:1:      psy_arrival_basics, layout_rooms
D:2:      layout_rooms, kennysheep_minor_cross
D:3:      layout_rooms, overflow_temple_1_default,
          minmay_overflow_temple_star_quad,
          mainiacjoe_overflow_concentric_impassable
D:4:      nicolae_cairo_tiling_large_dashed, layout_basic,
          nicolae_gozag_cash_rules_everything_around_me
D:5:      layout_cave_pools, saegor_snake_ambush
D:6:      kennysheep_windowed_halls, layout_layer_cave, st_stairs_10,
          chequers_avenue, kb_rosetta
D:7:      layout_cave_pools, minmay_temple_entry_water_ring,
          serial_column_ruins, column_ruins_pillar_3, column_ruins_pillar_1,
          column_ruins_pillar_1, column_ruins_pillar_5, column_ruins_pillar_8,
          column_ruins_pillar_7, column_ruins_pillar_7, column_ruins_pillar_1,
          column_ruins_pillar_3, column_ruins_pillar_1, column_ruins_pillar_6,
          column_ruins_pillar_3, column_ruins_pillar_1, column_ruins_pillar_1,
          column_ruins_pillar_1, column_ruins_pillar_2, column_ruins_pillar_2,
          column_ruins_pillar_2, grunt_ministairs_11, uniq_joseph
D:8:      layout_basic, enter_bailey_5
Temple:   lightli_temple_of_artemis

Skill      XL: |  1  2  3  4  5  6  7  8  9 10 |
---------------+-------------------------------+-----
Invocations    | 1 2 3 4 5 6 |  6.2
Short Blades   | 1 2 3 4 5 |  5.6
Long Blades    | 1 2 3 4 5 |  5.6
Axes           | 1 2 3 4 5 |  5.6
Maces & Flails | 1 2 3 4 5 |  5.6
Polearms       | 1 2 3 4 5 |  5.6
Staves         | 1 2 3 4 5 |  5.6
Throwing       | 1 2 3 4 5 |  5.6
Armour         | 1 2 3 4 5 |  5.6
Stealth        | 1 2 3 4 5 |  5.6
Shields        | 1 2 3 4 5 |  5.6
Unarmed Combat | 1 2 3 4 5 |  5.6
Evocations     | 1 2 3 4 5 |  5.6
Spellcasting   | 3 4 5 6 |  6.4
Conjurations   | 1 2 3 4 |  4.6
Summonings     | 1 2 3 4 |  4.6
Necromancy     | 1 2 3 4 |  4.6
Translocations | 1 2 3 4 |  4.6
Transmutations | 1 2 3 4 |  4.6
Fire Magic     | 1 2 3 4 |  4.6
Ice Magic      | 1 2 3 4 |  4.6
Air Magic      | 1 2 3 4 |  4.6
Earth Magic    | 1 2 3 4 |  4.6
Poison Magic   | 1 2 3 4 |  4.6
Fighting       | 3 4 5 6 |  6.3
Ranged Weapons | 5 6 7 |  7.3
Dodging        | 5 6 7 |  7.3
Hexes          | 6 7 |  7.3

Action                   |  1- 3 |  4- 6 |  7- 9 | 10-12 || total
-------------------------+-------+-------+-------+-------++-------
Melee: Sling             |       |       |     2 |       ||     2
       Bite              |       |       |     1 |       ||     1
 Fire: Sling             |    83 |   197 |   280 |   129 ||   689
Throw: Dart              |     2 |       |       |       ||     2
 Cast: Slow              |     4 |    12 |    22 |     1 ||    39
       Inner Flame       |       |     6 |    21 |    15 ||    42
       Ozocubu's Armour  |       |       |       |     1 ||     1
  Use: Scroll            |       |       |     8 |     5 ||    13
       Potion            |       |       |       |     1 ||     1
Armor: Robe              |     2 |     9 |       |       ||    11
       Leather armour    |       |     9 |    88 |    28 ||   125
Dodge: Dodged            |    17 |    77 |   197 |    72 ||   363

Table legend: (Time is in decaauts)
 A = Elapsed time spent in this place.
 B = Non-inter-level travel time spent in this place.
 C = Inter-level travel time spent in this place.
 D = Time resting spent in this place.
 E = Time spent auto-exploring this place.
 F = Levels seen in this place.
 G = Mean time per level.
                   A        B        C        D        E       F      G
               +--------+--------+--------+--------+--------+-----+--------+
         Total |  10799 |  10145 |    654 |   4027 |   4371 |   9 | 1199.9 |
       Dungeon |  10672 |  10057 |    615 |   4027 |   4290 |   8 | 1334.0 |
        Temple |    126 |     87 |     39 |      0 |     81 |   1 |  126.0 |
               +--------+--------+--------+--------+--------+-----+--------+

Top non-repeatable levels by time:
     D:6: 3803 daAuts
     D:4: 2049 daAuts
     D:5: 1691 daAuts
     D:3: 956 daAuts
     D:7: 948 daAuts
     D:2: 602 daAuts
     D:1: 517 daAuts
  Temple: 126 daAuts
     D:8: 104 daAuts
